 Dungeon Crawl Stone Soup version 0.25-a0-502-g6516661 (webtiles) character file.

Game seed: 1482352649443340807, levelgen mode: deterministic

222343 CanOfBees the End of an Era (level 18, -8/153 HPs)
             Began as a Demonspawn Gladiator on Feb 12, 2020.
             Was the Champion of Qazlal.
             Mangled by a thrashing horror (16 damage)
             ... on level 2 of the Abyss.
             The game lasted 01:19:16 (43973 turns).

CanOfBees the End of an Era (Demonspawn Gladiator) Turns: 43973, Time: 01:19:16

Health: -8/153     AC: 33    Str: 32    XL:     18   Next: 53%
Magic:  32/32      EV: 20    Int: 11    God:    Qazlal [******]
Gold:   1026       SH: 29    Dex: 14    Spells: 17/17 levels left

rFire    + + .     SeeInvis .   S - +1 broad axe (freeze)
rCold    + + .     Gourm    .   W - +3 tower shield {AC+3}
rNeg     . . .     Faith    +   H - +6 chain mail of the Lost Blessings {-Cast rF+ rCorr Str+4}
rPois    +         Spirit   .   c - +2 helmet
rElec    +         Reflect  .   O - +1 cloak of Starlight {rElec rC+ EV+4 Stlth--}
rCorr    +         Harm     .   (no gloves)
MR       +....     NoCast   +   (boots unavailable)
Stlth    ..........             D - amulet of faith
HPRegen  0.00/turn              o - ring of Hampygha {*Corrode rPois rC+ Str+8 Stlth+}
MPRegen  0.23/turn              C - ring of Xom's Fair Game {+Inv EV+5}

@: protected from physical damage, non-regenerating, mildly diseased, repel
missiles
A: hooves 3, molten scales 3, clumsy 1, demonic guardian 1, spiny 1
}: 1/15 runes: serpentine
a: Upheaval, Elemental Force, Disaster Area, Renounce Religion, Evoke
Invisibility


You were on level 2 of the Abyss.
You worshipped Qazlal.
Qazlal was exalted by your worship.
You were not hungry.

You visited 5 branches of the dungeon, and saw 28 of its levels.
You visited the Abyss 1 time.
You also visited: Gauntlet.

You collected 3509 gold pieces.
You spent 2483 gold pieces at shops.

Inventory:

Hand Weapons
 a - a +3 vorpal broad axe
 b - a +1 broad axe of electrocution
 M - a +2 hand axe of flaming
 S - a +1 broad axe of freezing (weapon)
 Y - a +3 broad axe
Missiles
 d - 5 throwing nets
 j - 110 poisoned darts
 t - 18 boomerangs (quivered)
 x - 9 curare-tipped darts
 K - 8 javelins
 L - a sling bullet
Armour
 c - a +2 helmet (worn)
 H - the +6 chain mail of the Lost Blessings (worn) {-Cast rF+ rCorr Str+4}
   (You bought it in a shop on level 9 of the Dungeon)

   It affects your strength (+4).
   It protects you from fire.
   It prevents spellcasting.
   It provides partial protection from all sources of acid and corrosion.
   If you remove this armour, your AC will decrease by 18 (33 -> 15).
 O - the +1 cloak of Starlight (worn) {rElec rC+ EV+4 Stlth--}
   (You bought it in a shop on level 9 of the Dungeon)

   It affects your evasion (+4).
   It protects you from cold.
   It insulates you from electricity.
   It makes you much less stealthy.
   If you remove this armour, your AC will decrease by 3 (33 -> 30).
 W - a +3 tower shield of protection (worn)
Jewellery
 k - an uncursed ring of positive energy
 o - the ring of Hampygha (left hand) {*Corrode rPois rC+ Str+8 Stlth+}
   (You found it on level 4 of the Lair of Beasts)

   [ring of protection from cold]

   It affects your strength (+8).
   It protects you from cold.
   It protects you from poison.
   It may corrode you when you take damage.
   It makes you more stealthy.
 C - the ring of Xom's Fair Game (right hand) {+Inv EV+5}
   (You found it on level 5 of the Dungeon)

   [ring of evasion]

   It affects your evasion (+5).
   It lets you turn invisible.
 D - an amulet of faith (around neck)
Wands
 r - a wand of polymorph (4)
 y - a wand of flame (23)
 P - a wand of disintegration (26)
 U - a wand of paralysis (26)
 V - a wand of enslavement (17)
Scrolls
 l - 15 scrolls of teleportation
 m - a scroll of holy word
 n - 13 scrolls of remove curse
 p - 10 scrolls of fear
 s - a scroll of vulnerability
 A - 5 scrolls of immolation
 E - a scroll of torment
 N - a scroll of fog
 Q - a scroll of noise
 T - a scroll of identify
 X - 3 scrolls of magic mapping
Potions
 e - 2 potions of cancellation
 h - 5 potions of might
 i - 6 potions of flight
 q - 4 potions of agility
 u - 5 potions of haste
 v - 2 potions of lignification
 w - 2 potions of invisibility
 z - a potion of resistance
 B - a potion of mutation
 F - 8 potions of curing
 I - a potion of ambrosia
 Z - 7 potions of brilliance
Miscellaneous
 R - a phial of floods
Comestibles
 f - 49 rations
 g - 2 chunks of flesh


   Skills:
 + Level 16.5 Fighting
 + Level 15.5 Axes
 - Level 6.0 Throwing
 + Level 9.1 Armour
 - Level 10.0 Dodging
 - Level 8.0 Shields
 - Level 20.0 Invocations
 - Level 6.0 Evocations


You had 17 spell levels left.
You didn't know any spells.
Your spell library contained the following spells:

 Spells                   Type           Power        Failure   Level  Hunger
 Animate Skeleton         Necr           N/A          100%        1    ##.....
 Apportation              Tloc           #.....       100%        1    ##.....
 Corona                   Hex            #......      100%        1    ##.....
 Sandblast                Erth           #.....       100%        1    ##.....
 Summon Butterflies       Summ           #.......     100%        1    ##.....
 Summon Small Mammal      Summ           #...         100%        1    ##.....
 Passwall                 Tmut/Erth      #.......     100%        2    ###....
 Lesser Beckoning         Tloc           #.........   100%        3    ####...
 Stone Arrow              Conj/Erth      #.....       100%        3    ####...
 Tukima's Dance           Hex            #.......     100%        3    ####...
 Petrify                  Tmut/Erth      #.......     100%        4    #####..
 Alistair's Intoxication  Tmut/Pois      #.......     100%        5    ######.
 Bolt of Magma            Conj/Fire/Erth #.........   100%        5    ######.
 Iskenderun's Battlesphe  Conj/Chrm      #.......     100%        5    ######.
 Lee's Rapid Deconstruct  Erth           #.........   100%        5    ######.
 Invisibility             Hex            #.......     100%        6    #######
 Iron Shot                Conj/Erth      #.........   100%        6    #######
 Orb of Destruction       Conj           #.........   100%        7    #######
 Spellforged Servitor     Conj/Summ      #.........   100%        7    #######


Dungeon Overview and Level Annotations

Branches:
Dungeon (15/15)            Temple (0/1) D:6            Lair (6/6) D:9
 Shoals (1/4) Lair:2        Snake (4/4) Lair:4        Slime (0/5) Lair:5
    Orc (2/2) D:11            Elf (0/3) Orc:2        Vaults (0/5) D:14
 Depths (0/5) D:15        Gauntlet (visited)

Altars:
Ashenzari
Dithmenos
Gozag
Qazlal
Ru
Wu Jian
Xom
Beogh

Shops:
D:9 [[**   D:11 ([   Orc:2 :*=[(   Shoals:1 (:   Snake:1 :

Annotations:
D:7 1 runed translucent door
D:8 3 runed translucent doors, 15's ghost, novice DrTm
D:9 2 runed translucent doors, robertstho's ghost, journeyman MiBe
Shoals:1 Louise


Innate Abilities, Weirdness & Mutations

You have hooves in place of feet.
You are completely covered in molten scales. (AC +4, rF+)
A weak demonic guardian rushes to your aid.
You are partially covered in sharp spines.
You are clumsy. (Dex -2)


Message History

The large abomination completely misses you.
You slice the large abomination!! You freeze the large abomination.
You destroy the large abomination!
Qazlal accepts your kill.
You slash the thrashing horror! You freeze the thrashing horror.
You hit the large abomination but do no damage.
You hear an angry squeal.
You hear a bark!
You hear a chilling moan.
The thrashing horror churns violently!
The thrashing horror seems to grow stronger.
The large abomination is engulfed in blazing flames.
You block the large abomination's attack.
Your shadow imp splashes around in the water.
The thrashing horror tramples you!
* * * LOW HITPOINT WARNING * * *
You stumble backwards!
You slice the large abomination!! You freeze the large abomination.
You destroy the large abomination!
Qazlal accepts your kill.
You closely miss the thrashing horror. The thrashing horror tramples you!
You die...

#..#. ## . #... . .
### #..## ...##).#...
.. .....#. ....
#........ .
..#..##..###.. . . ..
#. ...#.#$# . # #.
.#.#..##.##...##....#
.
......#°.○..##.......
#.3.#.○.§☼#.#..# ...
.. . .#≈≈≈≈X@#... #.#
. .#.
#.≈≈≈≈≈5.#..#.### . .
#≈≈≈≈≈≈..#>#..# ÷
≈≈≈≈≈#≈#... #.... . .
..≈≈≈≈≈ .... .# # # #
≈≈≈≈≈≈. .##.. .≈≈≈≈#.
#≈ ... .≈≈≈≈≈# # ....
# #


You could see a thrashing horror, a smoke demon and a friendly shadow imp.

Vanquished Creatures
  Vashnia (Snake:2)
  Asterion (Snake:1)
  An Executioner (Abyss:2)
  2 tentacled starspawn (Abyss:2)
  5 nagarajas (Snake:4)
  An orc warlord (Orc:2)
  Aizul (Snake:1)
  A deep elf elementalist (Abyss:2)
  A juggernaut zombie (D:15)
  Azrael (Orc:2)
  4 merfolk impalers (Shoals:1)
  Josephine (Snake:1)
  A green death (Abyss:2)
  An ettin (Orc:1)
  Snorg (Lair:4)
  8 vault guards (D:14)
  16 naga warriors
  12 two-headed ogres
  Harold (D:10)
  9 hydras
  4 centaur warriors
  An ogre mage (D:15)
  10 anacondas
  2 death knights
  3 large abominations (Abyss:2)
  4 death yaks
  2 orc high priests (Orc:2)
  2 thrashing horrors (Abyss:2)
  26 naga sharpshooters
  5 shock serpents
  A skeletal warrior (D:15)
  4 salamander mystics (Snake:4)
  A flayed ghost (D:15)
  7 sea snakes
  A spatial maelstrom (Abyss:2)
  An unseen horror (D:11)
  A wizard (D:15)
  8 naga ritualists
  A shadow dragon zombie (D:15)
  2 orc knights (Orc:2)
  A fire giant zombie (D:15)
  A necromancer (D:15)
  29 ugly things
  21 mana vipers
  4 oklob plants (Lair:4)
  2 fauns (Shoals:1)
  10 salamanders
  8 orc sorcerers (Orc:2)
  2 deep elf magi
  7 cyclopes
  30 black mambas
  6 manticores
  2 centaur zombies
  A worldbinder (Abyss:2)
  13 elephants
  16 guardian serpents
  A water nymph (shapeshifter) (D:11)
  3 merfolk sirens (Shoals:1)
  15 naga magi
  7 gargoyles
  9 spiny frogs
  3 rime drakes
  A spriggan skeleton (D:15)
  A kobold demonologist (D:12)
  7 komodo dragons
  A guardian mummy (D:15)
  9 trolls
  An ancient zyme (Abyss:2)
  3 meliai (D:15)
  A jumping spider (D:12)
  A wind drake (Shoals:1)
  3 polar bears (Lair:6)
  2 slime creatures (D:12)
  6 hornets
  6 merfolk (Shoals:1)
  3 raiju (Abyss:2)
  7 hippogriffs
  A meliai zombie (D:13)
  13 blink frogs
  7 dream sheep
  2 snapping turtles (Shoals:1)
  A shadow (D:15)
  14 spriggans (Lair:6)
  32 yaks
  6 starcursed masses (Abyss:2)
  3 wraiths
  A vampire (D:11)
  2 hungry ghosts
  A basilisk (Lair:2)
  2 fire elementals (Orc:2)
  8 vampire mosquitoes
  59 nagas
  2 wargs (Orc:2)
  2 soldier ants
  An acid dragon (D:15)
  3 hell hounds (Orc:2)
  21 water moccasins
  A hornet zombie (D:14)
  5 sky beasts
  3 ice beasts
  12 porcupines
  31 orc warriors
  4 black bears
  A necrophage (D:10)
  10 centaurs
  An eye of draining (D:13)
  55 wolves
  4 boggarts (Lair:6)
  2 phantoms
  13 ogres
  9 crocodiles
  3 big kobolds
  19 bullfrogs
  A wyvern zombie (D:15)
  3 small abominations (Abyss:2)
  A water moccasin skeleton (D:10)
  3 wyvern skeletons
  2 scorpions
  11 killer bees
  11 wights
  3 howler monkeys (D:14)
  4 electric eels
  8 crimson imps
  A bullfrog zombie (D:5)
  4 hounds
  13 jellies (Lair:5)
  2 quasits
  9 orc priests
  13 orc wizards
  5 bullfrog skeletons
  9 centaur skeletons
  5 iguanas
  9 worker ants
  A killer bee zombie (D:10)
  A hound skeleton (D:8)
  A howler monkey zombie (D:8)
  2 worker ant zombies
  4 gnolls (Orc:2)
  22 adders
  3 shadow imps
  2 white imps
  A worker ant simulacrum (D:11)
  An ufetubus (D:11)
  2 oozes (Lair:5)
  2 adder zombies
  4 worms
  4 dart slugs
  3 leopard geckos
  82 orcs
  10 bats
  10 giant cockroaches
  8 hobgoblins
  5 jackals
  27 kobolds
  4 quokkas
  4 ball pythons
  7 frilled lizards
  3 goblins
  A quokka skeleton (D:6)
  A quokka zombie (D:6)
  6 rats
  A butterfly (Lair:4)
  A fungus (Orc:2)
  A lurking horror (Abyss:2)
  10 plants
  4 starspawn tentacles (Abyss:2)
  2 withered plants (D:15)
1109 creatures vanquished.

Vanquished Creatures (collateral kills)
  A tentacled starspawn (Abyss:2)
  2 naga warriors
  2 hydras
  2 two-headed ogres
  A death yak (Lair:5)
  A naga sharpshooter (Snake:4)
  Nergalle (D:10)
  A sea snake (Snake:4)
  2 ugly things (D:14)
  A cyclops (D:11)
  A naga mage (Snake:3)
  A black mamba (Snake:3)
  A merfolk siren (Shoals:1)
  2 spiny frogs
  A raiju (Abyss:2)
  2 blink frogs
  A troll (D:10)
  A snapping turtle (Shoals:1)
  A hippogriff (D:9)
  A water elemental (Shoals:1)
  5 yaks
  A wraith (Snake:1)
  2 fire elementals (Orc:2)
  A hungry ghost (D:9)
  A naga (Snake:4)
  A porcupine (Lair:3)
  An ice beast (D:10)
  3 ogres
  A wolf (Lair:5)
  A centaur (D:9)
  A killer bee (D:8)
  A wight (D:9)
  2 orc wizards
  A centaur skeleton (D:9)
  A shadow imp (D:10)
  2 orcs
  2 kobolds (D:8)
  2 plants
55 creatures vanquished.

Vanquished Creatures (others)
  A merfolk (Shoals:1)
  A fire elemental (Orc:2)
  2 nagas (Snake:4)
  15 fungi
  13 plants
  3 starspawn tentacles (Abyss:2)
  11 withered plants (D:15)
46 creatures vanquished.

Grand Total: 1210 creatures vanquished

Notes
Turn   | Place    | Note
-------+----------+-------------------------------------------
     0 | D:1      | CanOfBees the Demonspawn Gladiator began the quest for the
                  | Orb.
     0 | D:1      | Reached XP level 1. HP: 16/16 MP: 1/1
   145 | D:1      | Gained mutation: You are partially covered in sharp spines.
                  | [demonic ancestry]
   145 | D:1      | Reached XP level 2. HP: 20/22 MP: 2/2
   893 | D:2      | Reached XP level 3. HP: 26/28 MP: 3/3
  1382 | D:2      | Reached XP level 4. HP: 34/34 MP: 4/4
  1443 | D:2      | Found a faded altar of an unknown god.
  2120 | D:3      | Reached XP level 5. HP: 40/41 MP: 5/5
  2336 | D:3      | Found an ornate altar of the Wu Jian Council.
  3146 | D:4      | Reached XP level 6. HP: 31/47 MP: 6/6
  3895 | D:5      | Entered Level 5 of the Dungeon
  3943 | D:5      | Got a bound brass ring
  4032 | D:5      | Found a shattered altar of Ashenzari.
  4054 | D:5      | Noticed an ice beast
  4065 | D:5      | Killed an ice beast
  4175 | D:5      | Reached XP level 7. HP: 51/54 MP: 7/7
  4470 | D:5      | Noticed a hippogriff
  4482 | D:5      | Killed a hippogriff
  4905 | D:5      | Identified the ring of Xom's Fair Game {+Inv EV+5} (You
                  | found it on level 5 of the Dungeon)
  5320 | D:6      | Found a stormy altar of Qazlal.
  5320 | D:6      | Found an opulent altar of Gozag.
  5321 | D:6      | Found a sacrificial altar of Ru.
  5328 | D:6      | Became a worshipper of Qazlal Stormbringer
  5357 | D:6      | Found a shimmering altar of Xom.
  5386 | D:6      | Found a staircase to the Ecumenical Temple.
  5409 | D:6      | Reached skill level 5 in Axes
  5409 | D:6      | Reached skill level 5 in Dodging
  5409 | D:6      | Reached XP level 8. HP: 46/61 MP: 8/8
  5580 | D:6      | Reached skill level 5 in Fighting
  5580 | D:6      | Reached skill level 1 in Invocations
  6063 | D:7      | Reached skill level 2 in Invocations
  6439 | D:7      | Noticed a sixfirhy
  6440 | D:7      | Found a runed translucent door.
  6863 | D:8      | Noticed a two-headed ogre
  6907 | D:8      | Noticed a two-headed ogre
  6936 | D:8      | Killed a two-headed ogre
  6936 | D:8      | Reached * piety under Qazlal
  6936 | D:8      | Reached skill level 5 in Throwing
  6936 | D:8      | Reached skill level 4 in Invocations
  6936 | D:8      | Gained mutation: A weak demonic guardian rushes to your
                  | aid. [demonic ancestry]
  6936 | D:8      | Reached XP level 9. HP: 39/69 MP: 9/12
  7804 | D:8      | Found a shadowy altar of Dithmenos.
  7847 | D:8      | Reached skill level 5 in Invocations
  8137 | D:8      | Killed a two-headed ogre
  8137 | D:8      | Reached skill level 6 in Invocations
  8217 | D:8      | Reached ** piety under Qazlal
  8316 | D:8      | Reached skill level 7 in Invocations
  8316 | D:8      | Reached XP level 10. HP: 78/79 MP: 15/15
  8400 | D:8      | Reached skill level 1 in Armour
  8768 | D:8      | Found a runed translucent gate.
  8768 | D:8      | Found a runed translucent gate.
  8768 | D:8      | Found a runed translucent gate.
  8794 | D:8      | Noticed 15's ghost (novice DrTm)
  8896 | D:9      | Found a large runed translucent door.
  9129 | D:9      | Noticed a two-headed ogre
  9136 | D:9      | Killed a two-headed ogre
  9148 | D:9      | Reached skill level 8 in Invocations
  9466 | D:9      | Reached *** piety under Qazlal
  9639 | D:9      | Found a staircase to the Lair.
  9650 | D:9      | Found Bofoazoc's Armour Shoppe.
  9655 | D:9      | Found Pukigh's General Store.
  9655 | D:9      | Found Soag Sau's Armour Shoppe.
  9659 | D:9      | Found Kuileled's Assorted Antiques.
  9664 | D:9      | Bought a scroll of identify for 34 gold pieces
  9664 | D:9      | Bought a scroll labeled NASHAS KIPPUH for 17 gold pieces
  9664 | D:9      | Bought an amethyst potion for 15 gold pieces
  9667 | D:9      | Bought a scroll of identify for 30 gold pieces
  9667 | D:9      | Bought a scroll of identify for 30 gold pieces
  9667 | D:9      | Bought a scroll of magic mapping for 52 gold pieces
 10035 | D:9      | Found a large runed translucent door.
 10036 | D:9      | Noticed robertstho's ghost (journeyman MiBe)
 10068 | D:10     | Entered Level 10 of the Dungeon
 10277 | D:10     | Reached skill level 9 in Invocations
 10291 | D:10     | Noticed Harold
 10577 | D:10     | Gained mutation: You have large cloven feet. [demonic
                  | ancestry]
 10577 | D:10     | Reached XP level 11. HP: 84/87 MP: 17/17
 10582 | D:10     | Noticed a two-headed ogre
 10600 | D:10     | Killed a two-headed ogre
 10767 | D:10     | Killed Harold
 10780 | D:10     | Noticed Nergalle
 10792 | D:10     | Killed Nergalle
 10815 | D:10     | Noticed a two-headed ogre
 10827 | D:10     | Killed a two-headed ogre
 11387 | D:10     | Reached skill level 10 in Invocations
 11394 | D:10     | Reached skill level 5 in Armour
 11403 | D:10     | Reached **** piety under Qazlal
 11972 | Lair:1   | Entered Level 1 of the Lair of Beasts
 11972 | Lair:1   | Noticed an eight-headed hydra
 11990 | Lair:1   | Killed a seven-headed hydra
 13523 | Lair:2   | Found a gate leading to a gauntlet.
 13532 | Gauntlet | Entered a Gauntlet
 13532 | Gauntlet | Found a transporter.
 13532 | Gauntlet | Found a transporter.
 13532 | Gauntlet | Noticed a tengu warrior
 13554 | Gauntlet | Found a transporter.
 13554 | Gauntlet | Noticed a catoblepas
 13555 | Gauntlet | Found a transporter.
 13570 | Gauntlet | Found a transporter.
 13572 | Gauntlet | Noticed a tengu warrior
 13582 | Gauntlet | Found a transporter.
 13582 | Gauntlet | Found a transporter.
 13584 | Gauntlet | Noticed a death scarab
 13585 | Gauntlet | Noticed a death scarab
 13591 | Gauntlet | Found a transporter.
 13606 | Gauntlet | Found a transporter.
 13620 | Gauntlet | Found a transporter.
 13624 | Gauntlet | Found a transporter.
 13628 | Gauntlet | Noticed a death ooze
 13632 | Gauntlet | Found a transporter.
 13711 | Gauntlet | Found a runed translucent door.
 13813 | Lair:2   | Reached skill level 11 in Invocations
 13853 | Lair:2   | Noticed Sonja
 13856 | Lair:2   | Noticed Sonja
 13856 | Lair:2   | Sonja changed into Sonja the rime drake
 13861 | Lair:2   | Killed Sonja the rime drake
 14019 | Lair:2   | Reached skill level 10 in Fighting
 14235 | Lair:2   | Found a staircase to the Shoals.
 14282 | Lair:2   | Noticed an eight-headed hydra
 14286 | Lair:2   | Killed an eight-headed hydra
 14286 | Lair:2   | Gained mutation: You have hoof-like feet. [demonic
                  | ancestry]
 14286 | Lair:2   | Reached XP level 12. HP: 97/97 MP: 11/20
 15443 | Lair:3   | Noticed a seven-headed hydra
 15456 | Lair:3   | Killed a five-headed hydra
 15778 | Lair:3   | Noticed a four-headed hydra
 15784 | Lair:3   | Killed a three-headed hydra
 15861 | Lair:3   | Noticed an eight-headed hydra
 15863 | Lair:3   | Noticed a seven-headed hydra
 15899 | Lair:3   | Killed an eight-headed hydra
 15899 | Lair:3   | Reached skill level 10 in Axes
 15900 | Lair:3   | Reached skill level 12 in Invocations
 15914 | Lair:2   | Killed a six-headed hydra
 16183 | Lair:3   | Got a shimmering trident
 16217 | Lair:4   | Noticed a five-headed hydra
 16235 | Lair:3   | Killed a two-headed hydra
 17161 | Lair:4   | Gained mutation: You have hooves in place of feet. [demonic
                  | ancestry]
 17161 | Lair:4   | Reached XP level 13. HP: 66/106 MP: 22/22
 17382 | Lair:4   | Got a scorched pewter ring
 17387 | Lair:4   | Identified the ring of Hampygha {*Corrode rPois rC+ Str+8
                  | Stlth+} (You found it on level 4 of the Lair of Beasts)
 17642 | Lair:4   | Noticed Snorg
 17657 | Lair:4   | Killed Snorg
 17952 | Lair:4   | Found a staircase to the Snake Pit.
 18458 | Lair:5   | Reached skill level 13 in Invocations
 19045 | Lair:5   | Found a staircase to the Slime Pits.
 20832 | Lair:6   | Entered Level 6 of the Lair of Beasts
 21240 | Lair:6   | Reached skill level 14 in Invocations
 21723 | Lair:6   | Reached XP level 14. HP: 104/115 MP: 24/24
 22737 | Lair:6   | Paralysed by a hornet for 2 turns
 23769 | D:11     | Identified the +9 trident of Ragnarok {pain, *Drain rElec
                  | rF+ Dex+3} (You found it on level 3 of the Lair of Beasts)
 24031 | D:11     | Reached skill level 1 in Evocations
 24498 | D:11     | Found Ponesau's Armour Shoppe.
 24500 | D:11     | Found a staircase to the Orcish Mines.
 24503 | D:11     | Found Mubomebb's Weapon Shoppe.
 24720 | D:11     | Bought a +0 tower shield of protection for 161 gold pieces
 24771 | D:9      | Bought the +1 cloak of Starlight {rElec rC+ EV+4 Stlth--}
                  | for 756 gold pieces
 24771 | D:9      | Found the +1 cloak of Starlight {rElec rC+ EV+4 Stlth--}
 25072 | D:12     | Reached skill level 15 in Invocations
 25260 | D:12     | Found a shadowy altar of Dithmenos.
 25279 | D:12     | Found a shimmering altar of Xom.
 26613 | D:13     | Found a shimmering altar of Xom.
 27058 | D:14     | Reached ***** piety under Qazlal
 27061 | D:14     | Reached XP level 15. HP: 80/124 MP: 26/26
 28137 | D:14     | Reached skill level 5 in Evocations
 28411 | D:14     | Found a gate to the Vaults.
 28787 | D:14     | Reached skill level 16 in Invocations
 29943 | D:15     | Entered Level 15 of the Dungeon
 29959 | D:15     | Reached skill level 10 in Dodging
 30753 | D:15     | Found a staircase to the Depths.
 31513 | Orc:1    | Entered Level 1 of the Orcish Mines
 31900 | D:9      | Bought the +6 chain mail of the Lost Blessings {-Cast rF+
                  | rCorr Str+4} for 777 gold pieces
 31970 | Orc:2    | Entered Level 2 of the Orcish Mines
 32031 | Orc:2    | Gained mutation: You are partially covered in molten
                  | scales. (AC +2) [demonic ancestry]
 32031 | Orc:2    | Reached XP level 16. HP: 130/133 MP: 26/28
 32033 | Orc:2    | Reached skill level 1 in Shields
 32142 | Orc:2    | Found Tudanick's Book Shop.
 32174 | Orc:2    | Reached skill level 17 in Invocations
 32205 | Orc:2    | HP: 5/133 [red devil/+0 trident[an orc sorcerer] (11)]
 32638 | Orc:2    | Paralysed by an orc sorcerer for 2 turns
 32725 | Orc:2    | Found Wiuntucu's Antique Armour Boutique.
 32749 | Orc:2    | Found Bosch's Antique Weapon Emporium.
 32757 | Orc:2    | Bought a glowing broad axe for 175 gold pieces
 32877 | Orc:2    | Found Teqow's Jewellery Shoppe.
 32920 | Orc:2    | Found Efasm's General Store.
 32935 | Orc:2    | Bought a cursed ring of attention for 67 gold pieces
 32935 | Orc:2    | Bought a potion of heal wounds for 75 gold pieces
 32995 | Orc:2    | Found a staircase to the Elven Halls.
 33047 | Orc:2    | Noticed Azrael
 33062 | Orc:2    | Killed Azrael
 33133 | Orc:2    | Found a roughly hewn altar of Beogh.
 33853 | Snake:1  | Entered Level 1 of the Snake Pit
 34216 | Snake:1  | Noticed Asterion
 34227 | Snake:1  | Gained mutation: You are clumsy. (Dex -2) [a cacodemon]
 34402 | Snake:1  | HP: 4/134 [Asterion/fireball (20)]
 34404 | Snake:1  | Killed Asterion
 35172 | Snake:1  | Noticed Aizul
 35189 | Snake:1  | Killed Aizul
 35737 | Snake:1  | Reached skill level 18 in Invocations
 35765 | Snake:1  | Noticed Josephine
 35777 | Snake:1  | Killed Josephine
 36731 | Snake:1  | Found Honk's Book Shop.
 36937 | Snake:2  | Noticed Vashnia
 37195 | Snake:2  | Killed Vashnia
 37854 | Snake:2  | Gained mutation: You are mostly covered in molten scales.
                  | (AC +3) [demonic ancestry]
 37854 | Snake:2  | Reached XP level 17. HP: 140/140 MP: 30/30
 37994 | Snake:2  | Reached skill level 5 in Shields
 37994 | Snake:2  | Reached skill level 15 in Fighting
 38415 | Snake:2  | Reached skill level 19 in Invocations
 39148 | Snake:3  | Reached ****** piety under Qazlal
 39768 | Snake:4  | Entered Level 4 of the Snake Pit
 40327 | Snake:4  | Reached skill level 20 in Invocations
 41861 | Snake:4  | Gained mutation: You are completely covered in molten
                  | scales. (AC +4, rF+) [demonic ancestry]
 41861 | Snake:4  | Reached XP level 18. HP: 86/151 MP: 32/32
 41878 | Snake:4  | Reached skill level 15 in Axes
 42461 | Snake:4  | Got a serpentine rune of Zot
 43195 | Shoals:1 | Entered Level 1 of the Shoals
 43478 | Shoals:1 | Found Otuaph's Antique Weapon Shoppe.
 43537 | Shoals:1 | Bought a runed broad axe for 294 gold pieces
 43543 | Shoals:1 | Found Xeofec's Book Boutique.
 43716 | Shoals:1 | Noticed Louise
 43743 | Shoals:1 | Cast into level 2 of the Abyss (Louise)
 43973 | Abyss:2  | Mangled by a thrashing horror

Levels and vault maps discovered:
D:1:      dpeg_arrival_arbitrary_a, layout_rooms
D:2:      layout_basic, first_ration, chequers_ecumenical_altar_island
D:3:      layout_loops_cross, lemuel_altar_in_water
D:4:      layout_basic, serial_bayou_lake_a
D:5:      minmay_diamond_boxcup, layout_loops_ring, ashenzari_altar_1
D:6:      layout_rooms, lemuel_crystal_altar, gammafunk_temple_overflow_claw,
          temple_fountains
D:7:      cheibrodos_shockbox, layout_loops_cross
D:8:      layout_gridville, basic_altar, gammafunk_ghost_necromancy,
          hangedman_pestilent_swarm, chequers_arboretum, amethyst_killhole
D:9:      layout_big_octagon, due_lair_maze_entry_diamond,
          ebering_ghost_disaster_area, minmay_shop_grid_forest
D:10:     layout_cave_pools, serial_co_window_serial,
          co_window_of_opportunity_a, co_window_corner_a, co_window_paths_a,
          co_window_paths_a, co_window_paths_a, co_window_2corner,
          co_window_corner_b, co_window_of_opportunity_c, co_window_paths_c,
          glass_columns_b, glass_columns_b, glass_columns_c, glass_columns_a,
          glass_columns_a, eino_jars, uniq_harold, uniq_nergalle
D:11:     cheibrodos_statue_roulette, layout_basic, orc_david_3, serial_ice,
          serial_ice_k, serial_ice_n, serial_ice_m, serial_ice_b,
          portal_ice_cave_rime
D:12:     layout_roguey [special_room_orc], basic_altar,
          david_defended_altar_elf
D:13:     layout_small_grid, tgw_xom
D:14:     layout_loops_corners, erik_vaults_2, bh_walls_and_bars,
          minmay_misc_feat_plants, minmay_misc_feat_secret_circle
D:15:     gammafunk_depths_entry_grave, layout_loops_ring
Lair:1:   layout_layer_cave
Lair:2:   layout_cave_pods, elwin_shoals_entry_rooms, gauntlet_entry_generic,
          uniq_sonja
Lair:3:   layout_big_grid, hangedman_lair_generics_rect
Lair:4:   layout_gridlike, minmay_snake_entry_six_corridors,
          minmay_lair_oklob_chamber, lemuel_fruit_tree,
          infiniplex_staircase_pool, lemuel_fruit_fields, lemuel_fruit_fields,
          uniq_snorg
Lair:5:   layout_cave_pods, minmay_slime_entry_jelly_boxes,
          grunt_forest_large_clearings
Lair:6:   minmay_lair_end_enchanted_forest, layout_cave_shapes,
          infiniplex_staircase_pool_2, grunt_megastairs_5
Shoals:1: layout_shoals, serial_shops, bzr_entry_road, shop, shop_fountains,
          shop_scrolls, lemuel_oklob_altar, uniq_louise
Snake:1:  layout_gridlike, serial_shops, nicolae_shop_crystal,
          hangedman_snake_corridor_cut, uniq_josephine, uniq_aizul,
          uniq_asterion
Snake:2:  layout_grid_maze, st_stairs_2, uniq_vashnia
Snake:3:  layout_misc_corridors
Snake:4:  johnstein_snake_rune_scales, layout_cave_town, st_stairs_4,
          serial_bayou_lagoon_a, minmay_snake_pond
Orc:1:    layout_caves
Orc:2:    grunt_orc_gardens, layout_caves, grunt_orc_garden, grunt_orc_garden,
          grunt_orc_garden, grunt_orc_garden, serial_shops, shop, mines2_david,
          uniq_azrael
Abyss:2:  base:
Lair:4

Skill      XL: |  1  2  3  4  5  6  7  8  9 10 11 12 13 14 15 16 17 18 |
---------------+-------------------------------------------------------+-----
Throwing       | 2 3 4 5 6 |  6.0
Axes           | 3 4 5 7 8 9 10 11 12 13 14 15 | 15.5
Dodging        | 3 4 5 6 7 9 10 | 10.0
Fighting       | 3 4 5 7 8 10 11 12 13 14 15 16 | 16.5
Invocations    | 4 7 9 11 12 14 15 16 18 20 | 20.0
Armour         | 4 6 7 8 9 |  9.1
Evocations     | 4 6 |  6.0
Shields        | 4 7 8 |  8.0

Action                   |  1- 3 |  4- 6 |  7- 9 | 10-12 | 13-15 | 16-18 || total
-------------------------+-------+-------+-------+-------+-------+-------++-------
Melee: War axe           |    55 |   120 |   155 |   395 |   612 |       ||  1337
       Kick              |       |       |       |    96 |   384 |   368 ||   848
       Hand axe          |       |       |       |    39 |    13 |       ||    52
       Broad axe         |       |       |       |       |   332 |   840 ||  1172
Throw: Dart              |    19 |    17 |    40 |    49 |    67 |     8 ||   200
       Throwing net      |     1 |     3 |     3 |       |       |       ||     7
       Stone             |       |       |    20 |       |       |       ||    20
       Javelin           |       |       |       |     6 |     7 |       ||    13
       Boomerang         |       |       |       |       |       |    58 ||    58
Invok: Upheaval          |       |       |       |    11 |    27 |    19 ||    57
       Elemental Force   |       |       |       |       |     4 |     2 ||     6
Evoke: Wand              |       |       |    13 |    14 |    17 |    39 ||    83
       Phial of floods   |       |       |       |     1 |     1 |     1 ||     3
  Use: Scroll            |       |     3 |     8 |    13 |    22 |     6 ||    52
       Potion            |       |       |       |       |     8 |     5 ||    13
 Stab: Held in net/web   |       |     1 |       |       |       |       ||     1
       Distracted        |       |       |       |     5 |     5 |    11 ||    21
       Confused          |       |       |       |       |       |     2 ||     2
  Eat: Chunk             |     1 |     8 |     8 |    30 |    30 |    22 ||    99
       Ration            |       |       |     2 |       |     5 |     5 ||    12
Armor: Ring mail         |    33 |    39 |    44 |    52 |       |       ||   168
       Scale mail        |       |       |       |   143 |   336 |       ||   479
       Chain mail        |       |       |       |       |     1 |   220 ||   221
Dodge: Dodged            |    32 |   106 |   155 |   463 |   700 |   362 ||  1818
       Deflected         |       |       |       |     2 |    12 |    74 ||    88
Block: Other             |       |       |     7 |    99 |    42 |       ||   148
       Buckler           |       |       |       |       |   116 |       ||   116
       Tower shield      |       |       |       |       |   480 |  1286 ||  1766

Table legend:
 A = Non-vault XP
 B = Vault XP
 C = Vault XP percentage of total XP
 D = Non-vault monster count
 E = Vault monster count
 F = Vault count percentage of total count
                 A         B        C        D         E       F
            +---------+---------+-------+---------+---------+-------
      Total |  212719 |  123139 |  36.7 |     783 |     363 |  31.7
            +---------+---------+-------+---------+---------+-------
        D:1 |      38 |       0 |   0.0 |      21 |       0 |   0.0
        D:2 |      76 |       0 |   0.0 |      25 |       0 |   0.0
        D:3 |     176 |       0 |   0.0 |      32 |       0 |   0.0
        D:4 |     209 |       0 |   0.0 |       9 |       0 |   0.0
        D:5 |     562 |     300 |  34.8 |       9 |       5 |  35.7
        D:6 |     255 |       0 |   0.0 |      14 |       0 |   0.0
        D:7 |     229 |       0 |   0.0 |       9 |       0 |   0.0
        D:8 |    3308 |     729 |  18.1 |      42 |       4 |   8.7
        D:9 |    2507 |    1152 |  31.5 |      33 |       9 |  21.4
       D:10 |    4769 |    1493 |  23.8 |      37 |       8 |  17.8
       D:11 |    5302 |    3462 |  39.5 |      24 |      18 |  42.9
       D:12 |    3443 |    1616 |  31.9 |      22 |      26 |  54.2
       D:13 |    6842 |    1669 |  19.6 |      17 |       7 |  29.2
       D:14 |   21597 |    7841 |  26.6 |      71 |       8 |  10.1
       D:15 |   19308 |    5658 |  22.7 |      51 |       8 |  13.6
     Lair:1 |    3768 |       0 |   0.0 |      16 |       0 |   0.0
     Lair:2 |    5747 |    1310 |  18.6 |      22 |       2 |   8.3
     Lair:3 |    3328 |    3909 |  54.0 |      14 |      10 |  41.7
     Lair:4 |    5453 |    5777 |  51.4 |      16 |      20 |  55.6
     Lair:5 |    7559 |    3451 |  31.3 |      20 |      40 |  66.7
     Lair:6 |   10402 |    9570 |  47.9 |      32 |      53 |  62.4
   Shoals:1 |   14528 |       0 |   0.0 |      32 |       0 |   0.0
    Snake:1 |   25652 |   11887 |  31.7 |      60 |      21 |  25.9
    Snake:2 |    8470 |    7783 |  47.9 |      14 |       6 |  30.0
    Snake:3 |   21941 |    3527 |  13.8 |      40 |       7 |  14.9
    Snake:4 |   13576 |   39365 |  74.4 |      28 |      69 |  71.1
      Orc:1 |    1933 |       0 |   0.0 |      23 |       0 |   0.0
      Orc:2 |    3117 |   12640 |  80.2 |      21 |      42 |  66.7
    Abyss:2 |   18624 |       0 |   0.0 |      29 |       0 |   0.0
            +---------+---------+-------+---------+---------+-------
